AoeStats
← AiM | mc_cario

Arena

508559359Analyzed
1v1 RM · 10d ago on Sep 23, 2026· 47m 4s· 2 players
Game mode
Random Map
Map size
Tiny (2 player)
Population
200
Speed
Normal
Resources
Standard
Victory
Conquest
Starting age
Dark Age
Ending age
Imperial Age
RankedLock teamsTeams togetherTeam positionsShared explorationLock speedFull tech treeHidden civsTurbo modeCheats
Victory
Defeat
🇺🇸 Saxons · United States
1492
+11
🇨🇱 Bohemians · Chile
1369
-11
AiM | mc_cario
10:31 Feudal Age
14:01 Castle Age
12:15 Double-Bit Axe
15:33 Wheelbarrow
20:50 Horse Collar
22:39 Bow Saw
25:23 Hand Cart
26:13 Fletching
25:49 Crossbowman
28:14 Bodkin Arrow
31:21 Imperial Age
31:30 Town Watch
31:30 Loom
32:36 Conscription
33:44 Chemistry
33:01 Scale Barding Armor
33:01 Padded Archer Armor
33:15 Light Cavalry
35:00 Husbandry
35:19 Leather Archer Armor
35:25 Chain Barding Armor
37:22 Siege Engineers
37:27 Houfnice
39:39 Forging
Stumpthorn
10:30 Feudal Age
14:49 Castle Age
12:37 Double-Bit Axe
12:32 Horse Collar
14:34 Forging
16:13 Bow Saw
16:18 Scale Mail Armor
18:06 Squires
19:39 Redemption
22:28 Wheelbarrow
23:09 Heavy Plow
30:03 Hand Cart
32:56 Imperial Age
30:14 Town Watch
30:14 Loom
31:27 Gold Mining
31:30 Stone Mining
31:35 Fletching
31:44 Treadmill Crane
32:26 Ballistics
32:18 Fortified Wall
32:21 Masonry
33:02 Masonry
32:44 Guard Tower
32:50 Murder Holes
32:55 Bodkin Arrow
33:22 Chain Mail Armor
33:45 Iron Casting
34:06 Iron Casting
33:21 Arson
34:17 Crop Rotation
34:50 Two-Man Saw
33:52 Bracer
34:34 Gold Shaft Mining
33:37 Clerical Recruitment
34:39 Block Printing
35:07 Plate Mail Armor
35:15 Conscription
35:26 Sanctity
35:10 Atonement
35:56 Illumination
36:16 Hoardings
36:32 Theocracy
35:35 Pikeman
35:54 Shield Wall
37:14 Keep
37:11 Architecture
37:45 Chemistry
36:34 Arrowslits
36:33 Halberdier
37:59 Siege Engineers
37:42 Elite Varangian Guard
38:57 Man-at-Arms
39:23 Gambesons
40:33 Long Swordsman
41:11 Two-Handed Swordsman
42:00 Champion
Connection lost

Rejoining the realm…

Still unreachable

The connection could not be restored.

Session expired

The server has moved on; the page needs a fresh start.